 Dungeon Crawl Stone Soup version 0.24.1-8-ga250c9d538 (webtiles) character file.

Game seed: 10892254783212573106, levelgen mode: deterministic

416670 Lemonice the Transcendent (level 23, -6/198 HPs)
             Began as a Gnoll Skald on Apr 29, 2020.
             Was a High Priest of Ru.
             Killed by the air
             ... invoked by a titan
              (38 damage)
             ... on level 4 of the Vaults.
             The game lasted 04:49:31 (52565 turns).

Lemonice the Transcendent (Gnoll Skald)            Turns: 52565, Time: 04:50:00

Health: -6/198     AC: 41    Str: 24    XL:     23   Next: 92%
Magic:  19/47      EV: 17    Int: 17    God:    Ru [*****.]
Gold:   2318       SH: 16    Dex: 15    Spells: 10/53 levels left

rFire    . . .     SeeInvis +   x - +9 demon whip (flame)
rCold    + . .     Gourm    .   I - +2 shield
rNeg     . . .     Faith    .   o - +4 chain mail of the Thistle {rPois Slay+6}
rPois    +         Spirit   .   C - +2 helmet {Int+3}
rElec    .         Reflect  .   U - +2 cloak {MR+}
rCorr    .         Harm     .   Y - +2 pair of gloves {Str+3}
MR       ++...     Rnd*Rage +   s - +2 pair of boots
Stlth    ..........             T - amulet of Vitality {Regen+ HP+15}
HPRegen  2.23/turn              q - ring of Zyeffem {rPois rC+ Slay+3 SInv}
MPRegen  0.30/turn              P - ring of Robustness {AC+8}

@: lethally poisoned (-6 -> -6), exhausted, shrouded, infused (expiring), no
potions, regenerating, drained
A: distributed training, fangs 1, molten scales 1, berserk 1, clumsy 1, dopey 1,
high mp 1, regeneration 1, inability to drink while threatened, no stealth,
hated by all, no poison magic, no summoning magic, no transmutations magic,
strong nose
}: 1/15 runes: barnacled
a: Draw Out Power, Power Leap, Apocalypse, Renounce Religion


You were on level 4 of the Vaults.
You worshipped Ru.
Ru was extremely pleased with you.
You were not hungry.

You visited 8 branches of the dungeon, and saw 41 of its levels.

You collected 4837 gold pieces.
You spent 2519 gold pieces at shops.

Inventory:

Hand Weapons
 x - a +9 demon whip of flaming (weapon)
 Z - the +10 dark maul {crush}
   (You found it on level 15 of the Dungeon)

   It inflicts extra damage upon your enemies.
Missiles
 D - 7 throwing nets
 W - 96 boomerangs (quivered)
Armour
 o - the +4 chain mail of the Thistle (worn) {rPois Slay+6}
   (You took it off a deep elf blademaster on level 3 of the Elven Halls)

   It affects your accuracy and damage with ranged weapons and melee attacks
   (+6).
   It protects you from poison.
 s - a +2 pair of boots (worn)
 C - a +2 helmet of intelligence (worn)
 I - a +2 shield (worn)
 U - a +2 cloak of magic resistance (worn)
 Y - a +2 pair of gloves of strength (worn)
Jewellery
 c - the amulet of the Air {Inacc +Fly rElec EV+5 RMsl}
   (You found it on level 3 of the Elven Halls)

   [amulet of inaccuracy]

   It reduces the accuracy of all your attacks.
   It affects your evasion (+5).
   It insulates you from electricity.
   It lets you fly.
   It protects you from missiles.
 g - an uncursed ring of fire
 m - an uncursed ring of wizardry
 q - the ring of Zyeffem (left hand) {rPois rC+ Slay+3 SInv}
   (You took it off a spriggan air mage on level 2 of the Depths)

   [ring of see invisible]

   It affects your accuracy and damage with ranged weapons and melee attacks
   (+3).
   It protects you from cold.
   It protects you from poison.
   It lets you see invisible.
 y - an uncursed ring of resist corrosion
 P - the ring of Robustness (right hand) {AC+8}
   (You bought it in a shop on level 3 of the Elven Halls)

   [ring of protection]

   It affects your AC (+8).
 Q - the ring "Pifithif" {rN+ Str+4}
   (You took it off a deep elf death mage on level 3 of the Elven Halls)

   [ring of positive energy]

   It affects your strength (+4).
   It protects you from negative energy.
 T - the amulet of Vitality (around neck) {Regen+ HP+15}
   (You took it off a deep elf annihilator on level 3 of the Elven Halls)

   [amulet of regeneration]

   It affects your health (+15).
   It increases your rate of regeneration.
Wands
 a - a wand of acid (27)
 k - a wand of scattershot (8)
 r - a wand of clouds (4)
 O - a wand of polymorph (9)
 V - a wand of digging (5)
Scrolls
 f - 7 scrolls of amnesia
 l - 10 scrolls of immolation
 n - 5 scrolls of enchant armour
 u - 5 scrolls of identify
 w - 23 scrolls of remove curse
 z - 6 scrolls of magic mapping
 B - 4 scrolls of silence
 J - 3 scrolls of holy word
 K - 2 scrolls of fog
 M - 12 scrolls of fear
 N - 15 scrolls of teleportation
 R - a scroll of enchant weapon
Potions
 b - 2 potions of ambrosia
 e - 2 potions of berserk rage
 h - 6 potions of flight
 i - 18 potions of curing
 j - 7 potions of lignification
 p - 8 potions of heal wounds
 t - 4 potions of haste
 v - 4 potions of might
 A - 5 potions of agility
 E - 6 potions of magic
 H - 5 potions of brilliance
 L - a potion of invisibility
 X - 3 potions of cancellation
Miscellaneous
 F - a lightning rod (4/4)
 G - a lamp of fire
 S - a crystal ball of energy
Comestibles
 d - 31 rations


   Skills:
 + Level 15.7(14.7) Fighting
 + Level 15.2(14.2) Short Blades
 + Level 15.2(14.2) Long Blades
 + Level 15.2(14.2) Axes
 + Level 15.7(14.7) Maces & Flails
 + Level 15.2(14.2) Polearms
 + Level 15.2(14.2) Staves
 + Level 15.2(14.2) Slings
 + Level 15.2(14.2) Bows
 + Level 15.2(14.2) Crossbows
 + Level 15.2(14.2) Throwing
 + Level 15.3(14.3) Armour
 + Level 15.7(14.7) Dodging
   Level 0.0 Stealth
 + Level 15.2(14.2) Shields
 + Level 15.2(14.2) Unarmed Combat
 + Level 15.8(14.8) Spellcasting
 + Level 13.1(12.1) Conjurations
 + Level 13.1(12.1) Hexes
 + Level 14.0(13.0) Charms
   Level 0.0 Summonings
 + Level 13.1(12.1) Necromancy
 + Level 13.1(12.1) Translocations
   Level 0.0 Transmutations
 + Level 13.1(12.1) Fire Magic
 + Level 13.1(12.1) Ice Magic
 + Level 13.1(12.1) Air Magic
 + Level 13.1(12.1) Earth Magic
   Level 0.0 Poison Magic
 + Level 16.3(15.3) Invocations
 + Level 15.2(14.2) Evocations


You had 10 spell levels left.
You knew the following spells:

 Your Spells              Type           Power        Failure   Level  Hunger
a - Infusion              Chrm           ####         1%          1    None
b - Song of Slaying       Chrm           ######..     1%          2    None
c - Shroud of Golubria    Chrm/Tloc      ######       1%          2    None
d - Regeneration          Chrm/Necr      ######....   1%          3    None
e - Spectral Weapon       Hex/Chrm       ######..     1%          3    None
f - Confusing Touch       Hex            ######       1%          1    None
g - Confuse               Hex            ######..     1%          3    None
h - Dazzling Spray        Conj/Hex       ######       1%          3    None
i - Silence               Hex/Air        ######....   4%          5    ####...
j - Cause Fear            Hex            ######....   1%          4    None
k - Leda's Liquefaction   Hex/Erth       ######....   1%          4    None
l - Borgnjor's Vile Clut  Necr/Erth      ######....   4%          5    ####...
m - Swiftness             Chrm/Air       ######..     1%          2    None
n - Lee's Rapid Deconstr  Erth           ######....   4%          5    ####...

Your spell library contained the following spells:

 Spells                   Type           Power        Failure   Level  Hunger
 Corona                   Hex            ######.      1%          1    None
 Flame Tongue             Conj/Fire      #####        1%          1    None
 Magic Dart               Conj           ####         1%          1    None
 Shock                    Conj/Air       ####         1%          1    None
 Ensorcelled Hibernation  Hex/Ice        ######       1%          2    None
 Searing Ray              Conj           ######       1%          2    None
 Slow                     Hex            ######..     1%          2    None
 Throw Flame              Conj/Fire      ######       1%          2    None
 Conjure Flame            Conj/Fire      ######..     1%          3    None
 Gell's Gravitas          Tloc           ######....   1%          3    None
 Inner Flame              Hex/Fire       ######..     1%          3    None
 Portal Projectile        Hex/Tloc       ######       1%          3    None
 Static Discharge         Conj/Air       ######..     1%          3    None
 Force Lance              Conj/Tloc      ######..     1%          4    None
 Fulminant Prism          Conj/Hex       ######....   1%          4    None
 Iskenderun's Mystic Bla  Conj           ######..     1%          4    None
 Passage of Golubria      Tloc           N/A          1%          4    None
 Sticky Flame             Conj/Fire      ######..     1%          4    None
 Bolt of Draining         Conj/Necr      ######....   4%          5    ####...
 Bolt of Magma            Conj/Fire/Erth ######....   4%          5    ####...
 Fireball                 Conj/Fire      ######....   4%          5    ####...
 Lightning Bolt           Conj/Air       ######....   4%          5    ####...
 Metabolic Englaciation   Hex/Ice        ######....   4%          5    ####...
 Deflect Missiles         Chrm/Air       ######....   22%         6    #####..
 Bolt of Fire             Conj/Fire      ######....   26%         6    #####..
 Conjure Ball Lightning   Conj/Air       ######....   26%         6    #####..
 Darkness                 Hex            ######....   26%         6    #####..
 Invisibility             Hex            ######..     26%         6    #####..
 Ring of Flames           Chrm/Fire      ######....   77%         7    #######
 Borgnjor's Revivificati  Necr           ######....   100%        8    #######
 Chain Lightning          Conj/Air       ######....   100%        8    #######
 Death's Door             Chrm/Necr      ######....   100%        8    #######
 Discord                  Hex            ######....   100%        8    #######
 Ignition                 Fire           ######....   100%        8    #######
 Lehudib's Crystal Spear  Conj/Erth      ######....   100%        8    #######
 Fire Storm               Conj/Fire      ######....   100%        9    #######
 Glaciate                 Conj/Ice       ######....   100%        9    #######
 Shatter                  Erth           ######....   100%        9    #######
 Tornado                  Air            ######....   100%        9    #######
 Sting                    Conj/Pois      Unusable     N/A         1    N/A
 Mephitic Cloud           Conj/Pois/Air  Unusable     N/A         3    N/A
 Passwall                 Tmut/Erth      Unusable     N/A         2    N/A
 Poisonous Vapours        Pois/Air       Unusable     N/A         2    N/A
 Summon Guardian Golem    Hex/Summ       Unusable     N/A         3    N/A
 Ignite Poison            Fire/Tmut/Pois Unusable     N/A         3    N/A
 Ice Form                 Ice/Tmut       Unusable     N/A         4    N/A
 Petrify                  Tmut/Erth      Unusable     N/A         4    N/A
 Summon Ice Beast         Ice/Summ       Unusable     N/A         4    N/A
 Summon Lightning Spire   Summ/Air       Unusable     N/A         4    N/A
 Beastly Appendage        Tmut           Unusable     N/A         1    N/A
 Summon Small Mammal      Summ           Unusable     N/A         1    N/A
 Call Imp                 Summ           Unusable     N/A         2    N/A
 Sticks to Snakes         Tmut           Unusable     N/A         2    N/A
 Irradiate                Conj/Tmut      Unusable     N/A         5    N/A
 Summon Mana Viper        Hex/Summ       Unusable     N/A         5    N/A
 Venom Bolt               Conj/Pois      Unusable     N/A         5    N/A
 Yara's Violent Unravell  Hex/Tmut       Unusable     N/A         5    N/A
 Call Canine Familiar     Summ           Unusable     N/A         3    N/A
 Spider Form              Tmut/Pois      Unusable     N/A         3    N/A
 Olgreb's Toxic Radiance  Pois           Unusable     N/A         4    N/A
 Poison Arrow             Conj/Pois      Unusable     N/A         6    N/A
 Statue Form              Tmut/Erth      Unusable     N/A         6    N/A
 Blade Hands              Tmut           Unusable     N/A         5    N/A
 Hydra Form               Tmut           Unusable     N/A         6    N/A
 Shadow Creatures         Summ           Unusable     N/A         6    N/A
 Dragon Form              Tmut           Unusable     N/A         7    N/A
 Haunt                    Necr/Summ      Unusable     N/A         7    N/A
 Infestation              Necr           Unusable     N/A         8    N/A
 Necromutation            Tmut/Necr      Unusable     N/A         8    N/A

Dungeon Overview and Level Annotations

Branches:
Dungeon (15/15)            Temple (1/1) D:6            Lair (6/6) D:9
 Shoals (4/4) Lair:2       Spider (0/4) Lair:4        Slime (0/5) Lair:6
    Orc (2/2) D:10            Elf (3/3) Orc:2        Vaults (5/5) D:14
  Crypt (0/3) Vaults:3     Depths (5/5) D:15
    Zot: Depths:5

Altars:
Ashenzari
Cheibriados
Dithmenos
Elyvilon
Fedhas
Gozag
Hepliaklqana
Kikubaaqudgha
Makhleb
Nemelex Xobeh
Okawaru
Qazlal
Ru
Sif Muna
Trog
Uskayaw
Vehumet
Wu Jian
Xom
Yredelemnul
Zin
The Shining One
Beogh

Shops:
D:15 (   Orc:2 :!(}   Elf:2 (   Elf:3 }=[}*   Shoals:4 =   Vaults:1 ?

Portals:
Hell: Depths:1 Depths:2 Depths:3 Depths:5
Abyss: Depths:3
Pandemonium: Depths:1 Depths:3
Ziggurat: Depths:1

Annotations:
Vaults:5 Jory
Depths:3 2 transporters


Innate Abilities, Weirdness & Mutations

Your experience applies equally to all skills.
You have very sharp teeth.
You are clumsy. (Dex -2)
You are dopey. (Int -2)
You cannot drink potions while threatened.
You cannot be stealthy.
You are hated by all.
You cannot study or cast Poison magic.
You cannot study or cast Summoning magic.
You cannot study or cast Transmutations magic.
Your uncanny sense of smell can sniff out nearby items.
You are partially covered in molten scales. (AC +2)
You tend to lose your temper in combat.
You have an increased reservoir of magic. (+10% MP)
Your natural rate of healing is unusually fast.


Message History

The yaktaur barely misses you.
The ettin gives up.
Cornered, the ettin turns to fight!
You hit the ettin but do no damage.
The ettin is moderately wounded.
You feel sick. You block the ettin's attack. The ettin barely misses you.
The yaktaur hits you but does no damage.
Unknown command.
You whack the ettin! You burn the ettin. You bite the ettin!
The ettin is severely wounded.
Your shroud bends the ettin's attack away. x2
Unknown command.
Casting: Shroud of Golubria (safe; 1% risk of failure)
Confirm with . or Enter, or press ? or * to list all spells.
Your skin crawls.
The yaktaur completely misses you.
You block the ettin's attack. x2; The ettin closely misses you.
You block the ettin's attack.
The titan waves its arms in wide circles.
The air twists around and strikes you!!!
You die...

#...)#..##.#.#.#.#.#.#
#....#..###.#.#.#.#.##
#...#...##.#.#.#.#.#.#
#..#....##..#.#.#.#..#
##'####(###C#.#.#.#.#[#
..........##[#.#.#.#.##
..........#.#.#.#C#.#.#
..........##.#.#c#W#.##
..........'.#.#C@C#.#.#
..........#############
..........# ..........#
###########


You could see a titan, a frost giant (fleeing), 2 ettins, a yaktaur and a
freezing wraith.

Vanquished Creatures
  Mara (Vaults:3)
  2 juggernauts (Depths:5)
  Sojobo (Vaults:2)
  Boris (Vaults:4)
  Frederick (Vaults:2)
  A caustic shrike (Depths:2)
  Nikola (Vaults:3)
  A golden dragon (Depths:5)
  A bone dragon (Vaults:3)
  Rupert (D:12)
  7 tentacled monstrosities
  2 deep elf master archers (Elf:3)
  3 deep elf blademasters
  Frances (D:14)
  Asterion (Vaults:1)
  2 titans
  A quicksilver dragon (Vaults:5)
  4 sphinxes
  Agnes (D:15)
  5 tengu reavers
  Kirke (D:15)
  A shadow dragon (Vaults:5)
  2 storm dragons
  An iron dragon (Depths:5)
  6 frost giants
  An orc warlord (Orc:2)
  7 deep elf sorcerers
  6 fire giants
  10 vault wardens
  Louise (Elf:2)
  2 deep elf elementalists (Elf:3)
  11 ironheart preservers
  14 stone giants
  The ghost of Mumum the Arsonist, a journeyman DrFE of Vehumet (Lair:5)
  2 angels (Elf:2)
  A reaper (Depths:1)
  19 very ugly things
  5 deep elf annihilators
  Azrael (D:15)
  7 deep elf demonologists
  A minotaur (Lair:5)
  4 spark wasps
  6 dire elephants (Lair:6)
  2 merfolk javelineers
  9 deep elf death magi
  14 ettins
  6 fire dragons
  Fannar (D:12)
  Josephine (Lair:4)
  10 ogre magi
  6 great orbs of eyes
  2 deep elf high priests (Elf:3)
  14 yaktaur captains
  10 hydras
  Harold (D:7)
  4 merfolk impalers
  12 ice dragons
  34 vault guards
  2 rakshasas
  A hell beast (Depths:1)
  5 spriggan air magi
  18 centaur warriors
  An anaconda (Lair:6)
  2 merfolk avatars (Shoals:4)
  2 death knights
  2 two-headed ogres (shapeshifter)
  25 dancing weapons
  44 two-headed ogres
  4 deep troll shamans
  4 merfolk aquamancers
  A tengu warrior (Depths:1)
  5 death yaks
  4 orc high priests (Orc:2)
  5 deep troll earth magi
  A soul eater (Depths:1)
  17 deep elf knights
  3 spriggan berserkers (Depths:5)
  Sonja (Lair:4)
  3 shadow wraiths
  A sixfirhy (Depths:1)
  9 hell knights
  2 flayed ghosts
  9 sea snakes
  A deep troll (shapeshifter) (Vaults:4)
  3 wizards
  A glowing orange brain (shapeshifter) (Elf:1)
  3 unseen horrors
  A phantasmal warrior (Vaults:4)
  2 glowing orange brains (Vaults:2)
  21 deep trolls
  Pikel (D:4)
  15 deep elf archers
  11 ironbrand convokers
  22 harpies
  7 orc sorcerers
  14 orc knights
  4 oklob plants (Lair:6)
  6 wolf spiders
  3 fauns (Shoals:1)
  A wolf spider zombie (D:15)
  20 ugly things
  A harpy (shapeshifter) (Vaults:3)
  A fire giant zombie (Vaults:3)
  11 cyclopes
  7 necromancers
  19 manticores
  46 deep elf magi
  A cyclops (shapeshifter) (Vaults:4)
  A stone giant zombie (Vaults:3)
  A guardian serpent (D:13)
  4 elephants (Lair:6)
  A moth of wrath (shapeshifter) (D:15)
  A rust devil (D:14)
  2 water nymphs
  An eye of devastation (shapeshifter) (Vaults:5)
  10 vault sentinels
  6 merfolk sirens
  A torpor snail (Lair:5)
  5 black mambas
  A gargoyle (D:11)
  16 spiny frogs
  2 kobold demonologists
  A rime drake (shapeshifter) (Vaults:3)
  47 yaktaurs
  A rime drake (Lair:6)
  5 komodo dragons
  2 freezing wraiths
  A tengu conjurer (Depths:4)
  A jumping spider (Lair:4)
  A troll (shapeshifter) (Depths:1)
  A queen bee (D:11)
  A polar bear (shapeshifter) (Vaults:3)
  A red devil (D:14)
  A tengu simulacrum (Vaults:3)
  20 merfolk
  11 trolls
  2 wind drakes (Shoals:4)
  3 hornets
  A wind drake (shapeshifter) (Vaults:2)
  2 harpy zombies
  A blink frog (shapeshifter) (Depths:1)
  26 slime creatures
  17 dream sheep
  16 blink frogs
  11 hippogriffs
  A stone giant simulacrum (Vaults:1)
  7 snapping turtles
  3 air elementals
  A wyvern (Lair:6)
  A wyvern (shapeshifter) (Vaults:3)
  2 spriggans (shapeshifter)
  2 spriggans
  Sigmund (D:4)
  11 water elementals
  7 wraiths
  A ynoxinul (Depths:1)
  3 fire elementals
  51 yaks
  12 basilisks
  4 hogs (D:15)
  2 hungry ghosts
  A neqoxec (Depths:1)
  A golden eye (shapeshifter) (Vaults:4)
  2 humans (D:15)
  A vampire mosquito (D:14)
  7 wargs
  3 acid dragons
  Duvessa (D:6)
  11 water moccasins
  A soldier ant (D:14)
  6 hell hounds
  A floating eye (shapeshifter) (Depths:4)
  11 porcupines
  4 black bears
  A floating eye (Depths:2)
  2 sky beasts
  A slave (D:4)
  52 orc warriors
  5 ice beasts
  2 necrophages
  An eye of draining (D:14)
  34 ogres
  2 phantoms
  17 boggarts
  16 wolves
  45 centaurs
  10 crocodiles
  16 bullfrogs
  4 big kobolds
  3 earth elementals
  A gnoll sergeant (D:9)
  2 wyvern zombies
  A glowing shapeshifter simulacrum (Vaults:3)
  Dowan (D:6)
  A wyvern skeleton (D:13)
  7 scorpions
  31 killer bees
  7 wights
  An electric eel (Lair:6)
  6 howler monkeys
  9 crimson imps
  2 human simulacra
  3 bullfrog zombies
  2 quasits
  4 centaur zombies
  5 jellies
  6 centaur skeletons
  14 hounds
  4 bullfrog skeletons
  39 orc priests
  9 iron imps (D:14)
  18 orc wizards
  5 iguanas
  Terence (D:3)
  Natasha (D:2)
  13 hell rats (Lair:6)
  12 worker ants
  2 hound skeletons
  2 worker ant zombies
  14 gnolls
  A howler monkey zombie (D:5)
  15 adders
  A shadow imp (D:8)
  2 oozes
  2 adder skeletons
  An adder zombie (D:5)
  2 worms (D:3)
  8 leopard geckos
  127 orcs
  A bat (D:3)
  2 giant cockroaches
  6 goblins
  8 hobgoblins
  5 jackals
  30 kobolds
  4 quokkas
  A ball python (D:2)
  8 frilled lizards
  A leopard gecko zombie (D:5)
  3 quokka skeletons
  A quokka zombie (D:3)
  7 rats
  A fungus (Lair:2)
  13 plants
1735 creatures vanquished.

Vanquished Creatures (others)
  An ironheart preserver (Vaults:5)
  2 ogre magi
  A hydra (Depths:1)
  A two-headed ogre (Depths:1)
  An unseen horror (D:13)
  2 deep elf magi (Elf:1)
  2 harpies
  A yaktaur (Vaults:3)
  A tengu conjurer (Depths:2)
  An orc warrior (Vaults:3)
  A slave (D:4)
  3 boggarts (Depths:1)
  2 ogres
  A killer bee (D:11)
  An orc wizard (Vaults:4)
  An orc priest (D:11)
  A gnoll (D:7)
  4 orcs
  4 kobolds (D:4)
  5 fungi (Lair:6)
  44 plants
  42 spectral weapons
122 creatures vanquished.

Grand Total: 1857 creatures vanquished

Notes
Turn   | Place    | Note
-------+----------+-------------------------------------------
     0 | D:1      | Lemonice the Gnoll Skald began the quest for the Orb.
     0 | D:1      | Reached XP level 1. HP: 20/20 MP: 6/6
   167 | D:1      | You fall into a shaft and drop 1 floor!
   348 | D:2      | Found a shattered altar of Ashenzari.
   416 | D:2      | Reached XP level 2. HP: 21/26 MP: 7/7
   425 | D:2      | Reached XP level 3. HP: 18/31 MP: 3/9
   429 | D:2      | Learned a level 2 spell: Song of Slaying
   432 | D:2      | Learned a level 2 spell: Shroud of Golubria
   436 | D:2      | Learned a level 3 spell: Regeneration
   440 | D:2      | Learned a level 3 spell: Spectral Weapon
   514 | D:2      | Noticed Natasha
   527 | D:2      | Killed Natasha
   527 | D:2      | Reached skill level 5 in Spellcasting
   527 | D:2      | Reached skill level 1 in Invocations
   682 | D:2      | Reached skill level 1 in Short Blades
   682 | D:2      | Reached skill level 1 in Long Blades
   682 | D:2      | Reached skill level 1 in Axes
   682 | D:2      | Reached skill level 1 in Polearms
   682 | D:2      | Reached skill level 1 in Staves
   682 | D:2      | Reached skill level 1 in Slings
   682 | D:2      | Reached skill level 1 in Bows
   682 | D:2      | Reached skill level 1 in Crossbows
   682 | D:2      | Reached skill level 1 in Throwing
   682 | D:2      | Reached skill level 1 in Stealth
   682 | D:2      | Reached skill level 1 in Shields
   682 | D:2      | Reached skill level 1 in Unarmed Combat
   682 | D:2      | Reached skill level 1 in Evocations
   724 | D:2      | Reached XP level 4. HP: 30/38 MP: 11/11
  1641 | D:1      | Reached skill level 1 in Conjurations
  1641 | D:1      | Reached skill level 1 in Hexes
  1641 | D:1      | Reached skill level 1 in Summonings
  1641 | D:1      | Reached skill level 1 in Necromancy
  1641 | D:1      | Reached skill level 1 in Translocations
  1641 | D:1      | Reached skill level 1 in Transmutations
  1641 | D:1      | Reached skill level 1 in Fire Magic
  1641 | D:1      | Reached skill level 1 in Ice Magic
  1641 | D:1      | Reached skill level 1 in Air Magic
  1641 | D:1      | Reached skill level 1 in Earth Magic
  1641 | D:1      | Reached skill level 1 in Poison Magic
  1820 | D:3      | Noticed Terence
  1844 | D:3      | Killed Terence
  1844 | D:3      | Reached XP level 5. HP: 36/43 MP: 5/12
  2083 | D:3      | Found a shimmering altar of Xom.
  2084 | D:3      | Found a hazy altar of Hepliaklqana.
  2085 | D:3      | Noticed a spectral ugly thing
  2724 | D:4      | Noticed Sigmund
  2732 | D:4      | Killed Sigmund
  2732 | D:4      | Reached skill level 5 in Fighting
  2732 | D:4      | Reached skill level 5 in Maces & Flails
  2732 | D:4      | Reached skill level 5 in Dodging
  2732 | D:4      | Reached skill level 2 in Invocations
  2732 | D:4      | Reached XP level 6. HP: 51/51 MP: 5/14
  2759 | D:4      | Noticed a slave
  2760 | D:4      | Noticed a slave
  2762 | D:4      | Noticed Pikel
  2764 | D:4      | Noticed a slave
  2765 | D:4      | Noticed a slave
  3247 | D:4      | Killed a slave
  3250 | D:4      | Killed Pikel
  3250 | D:4      | Reached skill level 3 in Invocations
  3250 | D:4      | Reached XP level 7. HP: 33/56 MP: 7/15
  3421 | D:4      | Reached XP level 8. HP: 63/63 MP: 9/16
  3922 | D:5      | Entered Level 5 of the Dungeon
  4101 | D:5      | Found a burning altar of Makhleb.
  4954 | D:6      | Found a staircase to the Ecumenical Temple.
  4972 | Temple   | Entered the Ecumenical Temple
  5019 | Temple   | Became a worshipper of Ru the Awakened
  5112 | D:6      | Reached skill level 4 in Invocations
  5137 | D:6      | Reached XP level 9. HP: 22/69 MP: 9/18
  5292 | D:6      | Found a white marble altar of Elyvilon.
  5305 | D:6      | Noticed Dowan
  5306 | D:6      | Noticed Duvessa
  5457 | D:6      | Found an iron altar of Okawaru.
  5548 | D:6      | Killed Duvessa
  5551 | D:6      | Killed Dowan
  5711 | D:6      | Reached skill level 5 in Armour
  6339 | D:7      | Found a shadowy altar of Dithmenos.
  6434 | D:7      | Reached skill level 5 in Invocations
  6573 | D:7      | Gained mutation: You are hated by all. [Ru sacrifice]
  6573 | D:7      | Reached * piety under Ru
  6651 | D:7      | Noticed Harold
  6698 | D:7      | Killed Harold
  6698 | D:7      | Reached XP level 10. HP: 50/77 MP: 11/20
  6703 | D:7      | Reached skill level 5 in Short Blades
  6703 | D:7      | Reached skill level 5 in Long Blades
  6703 | D:7      | Reached skill level 5 in Axes
  6703 | D:7      | Reached skill level 5 in Polearms
  6703 | D:7      | Reached skill level 5 in Staves
  6703 | D:7      | Reached skill level 5 in Slings
  6703 | D:7      | Reached skill level 5 in Bows
  6703 | D:7      | Reached skill level 5 in Crossbows
  6703 | D:7      | Reached skill level 5 in Throwing
  6703 | D:7      | Reached skill level 5 in Stealth
  6703 | D:7      | Reached skill level 5 in Shields
  6703 | D:7      | Reached skill level 5 in Unarmed Combat
  6703 | D:7      | Reached skill level 5 in Evocations
  7027 | D:8      | Noticed a two-headed ogre
  7314 | D:8      | Learned a level 1 spell: Confusing Touch
  7318 | D:8      | Learned a level 3 spell: Confuse
  7322 | D:8      | Learned a level 3 spell: Dazzling Spray
  7713 | D:8      | Found a shimmering blue altar of Sif Muna.
  8001 | D:8      | Killed a two-headed ogre
  8086 | D:8      | Found a radiant altar of Vehumet.
  8086 | D:8      | Found a sparkling altar of Nemelex Xobeh.
  8234 | D:9      | Reached skill level 6 in Invocations
  8454 | D:9      | Found a staircase to the Lair.
  8822 | D:9      | Gained mutation: You are dopey. (Int -2) [Ru sacrifice]
  8822 | D:9      | Reached ** piety under Ru
  9005 | D:9      | Found a sparkling altar of Nemelex Xobeh.
  9074 | D:9      | Reached XP level 11. HP: 84/84 MP: 16/22
  9440 | D:10     | Entered Level 10 of the Dungeon
  9474 | D:10     | Got a faintly glowing ring mail
  9485 | D:10     | Identified the +0 ring mail of Wiecus {*Slow MR- Str+6
                  | Dex+2} (You found it on level 10 of the Dungeon)
  9711 | D:10     | Learned a level 3 spell: Mephitic Cloud
  9732 | D:10     | Found a blossoming altar of Fedhas.
 10594 | D:10     | Found a staircase to the Orcish Mines.
 10769 | D:10     | Reached skill level 5 in Conjurations
 10769 | D:10     | Reached skill level 5 in Hexes
 10769 | D:10     | Reached skill level 5 in Summonings
 10769 | D:10     | Reached skill level 5 in Necromancy
 10769 | D:10     | Reached skill level 5 in Translocations
 10769 | D:10     | Reached skill level 5 in Transmutations
 10769 | D:10     | Reached skill level 5 in Fire Magic
 10769 | D:10     | Reached skill level 5 in Ice Magic
 10769 | D:10     | Reached skill level 5 in Air Magic
 10769 | D:10     | Reached skill level 5 in Earth Magic
 10769 | D:10     | Reached skill level 5 in Poison Magic
 11936 | D:11     | Reached skill level 7 in Invocations
 12294 | D:11     | Noticed an eight-headed hydra
 12419 | D:11     | Noticed a cyclops
 12835 | D:11     | Killed a cyclops
 12995 | D:11     | Gained mutation: You cannot be stealthy. [Ru sacrifice]
 12995 | D:11     | Reached *** piety under Ru
 13196 | D:11     | Reached XP level 12. HP: 78/93 MP: 1/24
 14271 | Orc:1    | Entered Level 1 of the Orcish Mines
 15096 | Orc:2    | Entered Level 2 of the Orcish Mines
 15097 | Orc:2    | Noticed a two-headed ogre
 15157 | Orc:1    | Killed a two-headed ogre
 15273 | Orc:2    | Noticed a two-headed ogre
 15284 | Orc:2    | Killed a two-headed ogre
 15284 | Orc:2    | Reached skill level 8 in Invocations
 15854 | Orc:2    | Found Edghulao's Distillery.
 15883 | Orc:2    | Bought a potion of curing for 39 gold pieces
 15883 | Orc:2    | Bought a potion of heal wounds for 65 gold pieces
 15883 | Orc:2    | Bought a potion of degeneration for 13 gold pieces
 15989 | Orc:2    | Found Qenumeu's Book Boutique.
 16056 | Orc:2    | Bought a book of Debilitation for 480 gold pieces
 16061 | Orc:2    | Learned a level 4 spell: Cause Fear
 16066 | Orc:2    | Learned a level 4 spell: Leda's Liquefaction
 16087 | Orc:2    | Found a roughly hewn altar of Beogh.
 16317 | Orc:2    | Noticed a soul eater
 16667 | Orc:2    | Reached XP level 13. HP: 95/101 MP: 19/26
 17032 | Orc:2    | Found a staircase to the Elven Halls.
 17615 | Orc:2    | Noticed an orc warlord
 17622 | Orc:2    | Found Neremumuxt's Antique Weapon Emporium.
 17707 | Orc:2    | Killed an orc warlord
 17938 | Orc:2    | Found a roughly hewn altar of Beogh.
 17947 | Orc:2    | Found Xilung's Gadget Shop.
 18024 | Orc:2    | Reached skill level 9 in Invocations
 18325 | Lair:1   | Entered Level 1 of the Lair of Beasts
 18969 | D:12     | Noticed Fannar
 18984 | D:12     | Killed Fannar
 20000 | D:12     | Noticed Rupert
 20018 | D:12     | Killed Rupert
 20018 | D:12     | Reached skill level 10 in Spellcasting
 20018 | D:12     | Reached XP level 14. HP: 64/109 MP: 24/28
 20193 | D:13     | Got a crude ring mail
 20217 | D:13     | Identified the cursed +0 ring mail of Repulsion {rF- rN+++
                  | Int-5 Dex+3} (You found it on level 13 of the Dungeon)
 20780 | D:13     | Reached skill level 10 in Fighting
 20780 | D:13     | Reached skill level 10 in Maces & Flails
 20780 | D:13     | Reached skill level 10 in Dodging
 21830 | D:14     | Found an ancient bone altar of Kikubaaqudgha.
 21871 | D:14     | Reached skill level 10 in Invocations
 22012 | D:14     | Noticed Frances
 22051 | D:14     | Killed Frances
 22120 | D:14     | Found a gate to the Vaults.
 23357 | Lair:1   | Identified the Guide on the Volcanoes
 23989 | Lair:2   | Reached XP level 15. HP: 117/117 MP: 22/29
 24789 | Lair:2   | Found a staircase to the Shoals.
 24916 | Lair:2   | Reached skill level 10 in Armour
 26236 | Lair:4   | Gained mutation: You are clumsy. (Dex -2) [Ru sacrifice]
 26270 | Lair:4   | Noticed Josephine
 26280 | Lair:4   | Killed Josephine
 26331 | Lair:4   | Noticed Sonja
 26342 | Lair:4   | Killed Sonja
 26382 | Lair:4   | Got a smoking leather armour
 26393 | Lair:4   | Identified the cursed +0 leather armour of Intuition
                  | {Slay+5} (You found it on level 4 of the Lair of Beasts)
 26668 | Lair:4   | Identified the Compendium of the Mountains and Damage
                  | Dealing
 26681 | Lair:4   | Learned a level 5 spell: Borgnjor's Vile Clutch
 26749 | Lair:4   | Found a hole to the Spider Nest.
 26858 | Lair:4   | Reached skill level 10 in Charms
 27374 | Lair:4   | Reached skill level 10 in Short Blades
 27374 | Lair:4   | Reached skill level 10 in Long Blades
 27374 | Lair:4   | Reached skill level 10 in Axes
 27374 | Lair:4   | Reached skill level 10 in Polearms
 27374 | Lair:4   | Reached skill level 10 in Staves
 27374 | Lair:4   | Reached skill level 10 in Slings
 27374 | Lair:4   | Reached skill level 10 in Bows
 27374 | Lair:4   | Reached skill level 10 in Crossbows
 27374 | Lair:4   | Reached skill level 10 in Throwing
 27374 | Lair:4   | Reached skill level 10 in Shields
 27374 | Lair:4   | Reached skill level 10 in Unarmed Combat
 27374 | Lair:4   | Reached skill level 10 in Evocations
 27495 | Lair:5   | Noticed Mumum's ghost (journeyman DrFE)
 27522 | Lair:5   | Found a runed translucent gate.
 27522 | Lair:5   | Found a runed translucent gate.
 27522 | Lair:5   | Found a runed translucent gate.
 27547 | Lair:5   | Gained mutation: You cannot study or cast Poison magic. [Ru
                  | sacrifice]
 27547 | Lair:5   | Gained mutation: You cannot study or cast Transmutations
                  | magic. [Ru sacrifice]
 27547 | Lair:5   | Gained mutation: You cannot study or cast Summoning magic.
                  | [Ru sacrifice]
 27547 | Lair:5   | Reached **** piety under Ru
 28194 | Lair:5   | Killed Mumum's ghost
 28264 | Lair:6   | Entered Level 6 of the Lair of Beasts
 28269 | Lair:6   | Reached skill level 11 in Invocations
 28387 | Lair:6   | Found a dark tunnel.
 28401 | Lair:6   | Gained mutation: You are frail. (-10% HP) [potion of
                  | mutation]
 28401 | Lair:6   | Gained mutation: You are partially covered in rugged brown
                  | scales. (AC +1, +3% HP) [potion of mutation]
 28401 | Lair:6   | Gained mutation: You are very frail. (-20% HP) [potion of
                  | mutation]
 28401 | Lair:6   | Gained mutation: You have sharp fingernails. [potion of
                  | mutation]
 28402 | Lair:6   | Lost mutation: You are very frail. (-20% HP) [potion of
                  | mutation]
 28402 | Lair:6   | Lost mutation: You have sharp fingernails. [potion of
                  | mutation]
 28402 | Lair:6   | Gained mutation: You can translocate small distances at
                  | will. [potion of mutation]
 28402 | Lair:6   | Gained mutation: You are covered in fur. (AC +1) [potion of
                  | mutation]
 28402 | Lair:6   | Gained mutation: You have a pair of small horns on your
                  | head. [potion of mutation]
 28536 | Lair:6   | Found a staircase to the Slime Pits.
 28827 | Lair:6   | Reached XP level 16. HP: 116/116 MP: 13/31
 29417 | Lair:6   | Gained mutation: You cannot drink potions while threatened.
                  | [Ru sacrifice]
 29417 | Lair:6   | Reached ***** piety under Ru
 30065 | D:15     | Entered Level 15 of the Dungeon
 30175 | D:15     | Found Zesch's Weapon Boutique.
 30177 | D:15     | Noticed Azrael
 30189 | D:15     | Killed Azrael
 30243 | D:15     | Identified a scroll of acquirement
 30644 | D:15     | Noticed Agnes
 30656 | D:15     | Killed Agnes
 30919 | D:15     | Noticed Kirke
 30933 | D:15     | Killed Kirke
 30946 | D:15     | Found a staircase to the Depths.
 31004 | D:15     | Found the +10 dark maul {crush}
 31024 | D:15     | Learned a level 5 spell: Silence
 31319 | Depths:1 | Entered Level 1 of the Depths
 31436 | Depths:1 | HP: 5/117 [poisoned by a green very ugly thing]
 31442 | Depths:1 | HP: 5/117 [poisoned by a green very ugly thing]
 31971 | Elf:1    | Entered Level 1 of the Elven Halls
 32221 | Elf:1    | Identified the Compendium of Battle Magic
 32960 | Elf:1    | Reached XP level 17. HP: 102/123 MP: 22/33
 33062 | Elf:1    | Lost mutation: You have a pair of small horns on your head.
                  | [potion of mutation]
 33062 | Elf:1    | Lost mutation: You are frail. (-10% HP) [potion of
                  | mutation]
 33062 | Elf:1    | Lost mutation: You can translocate small distances at will.
                  | [potion of mutation]
 33062 | Elf:1    | Lost mutation: You are covered in fur. (AC +1) [potion of
                  | mutation]
 33062 | Elf:1    | Gained mutation: You are frail. (-10% HP) [potion of
                  | mutation]
 33062 | Elf:1    | Gained mutation: You have a pair of small antennae on your
                  | head. [potion of mutation]
 33100 | Elf:1    | Reached skill level 12 in Invocations
 33138 | Elf:2    | Found Tuipuo's Antique Weapon Boutique.
 33188 | Elf:2    | Found a white marble altar of Elyvilon.
 33188 | Elf:2    | Found a glowing silver altar of Zin.
 33188 | Elf:2    | Found a glowing golden altar of the Shining One.
 33190 | Elf:2    | Found a ruined gateway.
 33282 | Elf:2    | Found a huge runed translucent gate.
 33282 | Elf:2    | Found a huge runed translucent gate.
 33282 | Elf:2    | Found a huge runed translucent gate.
 33282 | Elf:2    | Found a huge runed translucent gate.
 33849 | Elf:3    | Entered Level 3 of the Elven Halls
 33849 | Elf:3    | Found Opehin's Gadget Boutique.
 34052 | Elf:3    | Found Toano's Gadget Shoppe.
 34487 | Elf:3    | Found Plog's Antique Armour Emporium.
 34490 | Elf:3    | Found Don Ywont's Jewellery Shop.
 34508 | Elf:3    | Bought the ring of Robustness {AC+8} for 1792 gold pieces
 34508 | Elf:3    | Found the ring of Robustness {AC+8}
 34638 | Elf:3    | Found Yliot's General Store.
 34660 | Elf:3    | Bought a scroll of identify for 26 gold pieces
 34898 | Elf:3    | Identified the cursed +0 triple sword of Cow Qaapn {freeze,
                  | rN+}
 35117 | Elf:3    | Identified the +7 broad axe of Inquiry {holy, Dex+4}
 35117 | Elf:3    | Identified the ring "Pifithif" {rN+ Str+4}
 35299 | Elf:3    | Identified the cursed +1 short sword of Hiunaded {vamp,
                  | rElec rF+ rC++ Dex-4}
 35385 | Elf:3    | Identified the amulet of Loedybei {Gourm rPois Int+2}
 35405 | Elf:3    | Noticed a deep elf master archer
 35429 | Elf:3    | Killed a deep elf master archer
 35429 | Elf:3    | Reached skill level 10 in Conjurations
 35429 | Elf:3    | Reached skill level 10 in Hexes
 35429 | Elf:3    | Reached skill level 10 in Necromancy
 35429 | Elf:3    | Reached skill level 10 in Translocations
 35429 | Elf:3    | Reached skill level 10 in Fire Magic
 35429 | Elf:3    | Reached skill level 10 in Ice Magic
 35429 | Elf:3    | Reached skill level 10 in Air Magic
 35429 | Elf:3    | Reached skill level 10 in Earth Magic
 35486 | Elf:3    | Identified the +5 falchion of the Fulmar {slice, rN+}
 35497 | Elf:3    | Reached XP level 18. HP: 98/131 MP: 20/34
 35595 | Elf:3    | Noticed a deep elf master archer
 35606 | Elf:3    | Killed a deep elf master archer
 35616 | Elf:3    | Identified the +3 leather armour "Trusted Companion"
                  | {rCorr}
 35616 | Elf:3    | Noticed a deep elf blademaster
 35621 | Elf:3    | Noticed a Tzitzimitl
 35633 | Elf:3    | Killed a deep elf blademaster
 35697 | Elf:3    | Identified the +4 chain mail of the Thistle {rPois Slay+6}
 35697 | Elf:3    | Noticed a deep elf blademaster
 35710 | Elf:3    | Killed a deep elf blademaster
 35762 | Elf:3    | Found the amulet of the Air {Inacc +Fly rElec EV+5 RMsl}
 35788 | Elf:3    | Got a crude diamond amulet
 35789 | Elf:3    | Identified the amulet "Raplooto" {Inacc rPois rC- Int+2}
                  | (You found it on level 3 of the Elven Halls)
 36054 | Orc:2    | Bought a potion of mutation for 104 gold pieces
 36060 | Orc:2    | Lost mutation: You are frail. (-10% HP) [potion of
                  | mutation]
 36060 | Orc:2    | Lost mutation: You are partially covered in rugged brown
                  | scales. (AC +1, +3% HP) [potion of mutation]
 36060 | Orc:2    | Gained mutation: You possess an exceptional clarity of
                  | mind. [potion of mutation]
 36060 | Orc:2    | Gained mutation: You have large cloven feet. [potion of
                  | mutation]
 36060 | Orc:2    | Lost mutation: You have large cloven feet. [potion of
                  | mutation]
 36060 | Orc:2    | Gained mutation: You expend magic power (3 MP) to
                  | strengthen your wands. [potion of mutation]
 36378 | Elf:2    | Found a huge runed translucent gate.
 36381 | Elf:2    | Noticed a deep elf blademaster
 36400 | Elf:2    | Killed a deep elf blademaster
 36490 | Elf:2    | Noticed Louise
 36508 | Elf:2    | Killed Louise
 36683 | Elf:2    | Reached skill level 13 in Invocations
 37512 | Depths:1 | Found a gateway to a ziggurat.
 37571 | Depths:1 | Found a one-way gate leading to the halls of Pandemonium.
 38301 | Depths:1 | Reached XP level 19. HP: 149/149 MP: 22/36
 38402 | Depths:1 | Found a gateway to Hell.
 39422 | Depths:2 | Noticed a caustic shrike
 39437 | Depths:2 | Killed a caustic shrike
 39539 | Depths:2 | Noticed a tentacled monstrosity
 39557 | Depths:2 | Killed a tentacled monstrosity
 39652 | Depths:2 | Identified Raipn's Catalogue of Displaced Hexes
 39917 | Depths:2 | Identified the ring of Zyeffem {rPois rC+ Slay+3 SInv}
 40392 | Depths:3 | Reached XP level 20. HP: 154/157 MP: 24/37
 40411 | Depths:3 | Reached skill level 14 in Invocations
 40883 | Depths:3 | Learned a level 2 spell: Swiftness
 40889 | Depths:3 | Learned a level 5 spell: Lee's Rapid Deconstruction
 41164 | Depths:3 | Found a transporter.
 41339 | Depths:3 | Found a transporter.
 41416 | Depths:3 | Found a one-way gate to the infinite horrors of the Abyss.
 41429 | Depths:3 | You fall into a shaft and drop 2 floors!
 41429 | Depths:5 | Entered Level 5 of the Depths
 41450 | Depths:5 | Noticed a caustic shrike
 41450 | Depths:5 | Noticed a golden dragon
 41450 | Depths:5 | Noticed a caustic shrike
 41450 | Depths:5 | Noticed a caustic shrike
 41450 | Depths:5 | Noticed a juggernaut
 41564 | Depths:5 | Noticed a juggernaut
 41584 | Depths:5 | Killed a juggernaut
 41591 | Depths:5 | Killed a golden dragon
 41606 | Depths:5 | Killed a juggernaut
 42888 | Shoals:1 | Entered Level 1 of the Shoals
 44327 | Shoals:3 | Reached XP level 21. HP: 147/165 MP: 29/39
 44492 | Shoals:3 | Lost mutation: You expend magic power (3 MP) to strengthen
                  | your wands. [potion of mutation]
 44492 | Shoals:3 | Lost mutation: You have a pair of small antennae on your
                  | head. [potion of mutation]
 44492 | Shoals:3 | Lost mutation: You possess an exceptional clarity of mind.
                  | [potion of mutation]
 44492 | Shoals:3 | Gained mutation: Your natural rate of healing is unusually
                  | fast. [potion of mutation]
 44492 | Shoals:3 | Gained mutation: You have an increased reservoir of magic.
                  | (+10% MP) [potion of mutation]
 44492 | Shoals:3 | Gained mutation: You tend to lose your temper in combat.
                  | [potion of mutation]
 44492 | Shoals:3 | Gained mutation: You are partially covered in molten
                  | scales. (AC +2) [potion of mutation]
 44766 | Shoals:4 | Entered Level 4 of the Shoals
 45219 | Shoals:4 | Got a barnacled rune of Zot
 45249 | Shoals:4 | Found Syphokae's Jewellery Shoppe.
 46188 | Vaults:1 | Entered Level 1 of the Vaults
 46519 | Vaults:1 | Noticed Asterion
 46531 | Vaults:1 | Killed Asterion
 47129 | Vaults:1 | Found Ycoih's Magic Scroll Shoppe.
 47168 | Vaults:1 | Reached skill level 15 in Invocations
 47997 | Vaults:2 | Noticed Frederick
 48010 | Vaults:2 | Killed Frederick
 48010 | Vaults:2 | Reached XP level 22. HP: 173/173 MP: 22/44
 48740 | Vaults:2 | Noticed Sojobo
 48766 | Vaults:2 | Killed Sojobo
 48963 | Vaults:3 | Reached skill level 15 in Spellcasting
 49032 | Vaults:3 | Noticed Nikola
 49044 | Vaults:3 | Killed Nikola
 49218 | Vaults:3 | Reached skill level 15 in Fighting
 49218 | Vaults:3 | Reached skill level 15 in Maces & Flails
 49218 | Vaults:3 | Reached skill level 15 in Dodging
 50047 | Vaults:3 | Noticed Mara
 50065 | Vaults:3 | Killed Mara
 50128 | Vaults:3 | Found a staircase to the Crypt.
 50818 | Vaults:4 | Reached XP level 23. HP: 181/181 MP: 46/46
 51115 | Vaults:4 | Reached skill level 15 in Armour
 51451 | Vaults:4 | Reached skill level 16 in Invocations
 51915 | Vaults:5 | Entered Level 5 of the Vaults
 52029 | Vaults:5 | Noticed Boris
 52130 | Vaults:4 | Killed Boris
 52130 | Vaults:4 | Reached skill level 15 in Short Blades
 52130 | Vaults:4 | Reached skill level 15 in Long Blades
 52130 | Vaults:4 | Reached skill level 15 in Axes
 52130 | Vaults:4 | Reached skill level 15 in Polearms
 52130 | Vaults:4 | Reached skill level 15 in Staves
 52130 | Vaults:4 | Reached skill level 15 in Slings
 52130 | Vaults:4 | Reached skill level 15 in Bows
 52130 | Vaults:4 | Reached skill level 15 in Crossbows
 52130 | Vaults:4 | Reached skill level 15 in Throwing
 52130 | Vaults:4 | Reached skill level 15 in Shields
 52130 | Vaults:4 | Reached skill level 15 in Unarmed Combat
 52130 | Vaults:4 | Reached skill level 15 in Evocations
 52209 | Vaults:5 | Noticed Jory
 52565 | Vaults:4 | Killed from afar by a titan

Levels and vault maps discovered:
D:1:      dpeg_arrival_snail, layout_rooms, chequers_serial_rivers_micro_b,
          hex_large
D:2:      layout_loops_corners, evilmike_ruin_ashenzari, serial_forest,
          infiniplex_forest_straight_2, infiniplex_forest_lined_2,
          infiniplex_forest_clump_cross, infiniplex_forest_straight_4,
          infiniplex_forest_lined_1, infiniplex_forest_split,
          infiniplex_forest_lined_room_2, infiniplex_forest_end_2, uniq_natasha
D:3:      layout_rooms, regret_index_temple_of_mockery, first_ration,
          serial_undead, serial_undead_f, serial_undead_f, serial_undead_b,
          serial_undead_d, uniq_terence
D:4:      layout_basic, lexackson_kobold_supper, uniq_pikel, uniq_sigmund
D:5:      layout_loops_ring, grunt_ministairs_15, makhleb_blood_cavern_becter
D:6:      layout_basic, okawaru_trees_1, elyvilon_altar_3,
          minmay_temple_entry_tees, uniq_duvessa
D:7:      layout_basic, nicolae_dithmenos_shadow_blocks, the_bakery, uniq_harold
D:8:      layout_loops_corners, led_sif_pool, gammafunk_temple_overflow_wave
D:9:      kennysheep_kobold_camp, layout_basic, erik_lair_orcish_takeover,
          minmay_tree_intersection, abandoned_shop, nemelex_dance_club_becter
D:10:     layout_loops_ring, david_orc_1_choice, basic_altar
D:11:     layout_basic, special_room [special_room_bee],
          minmay_fractal_squares_gapless_5
D:12:     layout_roguey, minmay_evil_grid, uniq_rupert, uniq_fannar
D:13:     layout_grid_maze, nrook_guardian_serpent_double
D:14:     layout_roguey, lightli_vaults_fourway_checkpoint,
          lemuel_hellish_altar, uniq_frances
D:15:     grunt_enter_depths_snipers, layout_loops_ring, minmay_misc_feat_room,
          serial_shops, shop_statue, minmay_misc_feat_rows, uniq_agnes,
          uniq_kirke, uniq_azrael
Temple:   nicolae_temple_hex_pool
Lair:1:   layout_layer_cave
Lair:2:   beast_lair_carwin_large_3, layout_concentric_octagons,
          elwin_shoals_entry_rocks
Lair:3:   layout_long_grid, serial_rivers, chequers_serial_rivers_small_b,
          chequers_serial_rivers_large_b, chequers_serial_rivers_micro_a,
          chequers_serial_rivers_micro_d, chequers_serial_rivers_marsh,
          chequers_serial_rivers_micro_e
Lair:4:   layout_gridlike, spider_nest_entry_funnel_web, lemuel_fruit_fields,
          lemuel_fruit_fields, infiniplex_staircase_pool_2, uniq_josephine,
          uniq_sonja
Lair:5:   layout_hall_layers, maelrawn_ghost_gauntlet_escape,
          serial_bayou_shore_b, lemuel_fruit_tree
Lair:6:   due_jungle_book, layout_concentric_octagons,
          minmay_slime_entry_oklob_open, enter_volcano_1, serial_bayou_lagoon_a
Shoals:1: layout_shoals
Shoals:2: layout_shoals
Shoals:3: layout_shoals, centaur_isle
Shoals:4: shoals_end_hangedman, layout_shoals, minmay_shop_enchanted_jewellery
Orc:1:    layout_caves
Orc:2:    pubby_orc_utopia
Elf:1:    eino_elf_arrival_shootout, layout_gridlike, minmay_elf_annihilation
Elf:2:    layout_loops_cross, portal_desolation_entry_holy_temple, serial_shops,
          nicolae_shop_stone, hangedman_elven_ridges, uniq_louise
Elf:3:    elf_hall_gauntlet_narrow, layout_gridlike, serial_shops, shop,
          nicolae_shop_window_shopping, shop, shop, shop_fountains
Vaults:1: hangedman_vaults_slice, ontoclasm_vaults_chip,
          nicolae_vaults_little_squares_5, v_rooms_6, st_spiral_rooms,
          ontoclasm_vaults_twist, v_misc_9, v_misc_27, vaults_dpeg_ring,
          layout_vaults_chaotic_city, serial_shops, shop, uniq_asterion
Vaults:2: nicolae_vaults_bisected_exclaves, grunt_vaults_swirl,
          hangedman_vaults_impose, hangedman_vaults_hat,
          hangedman_vaults_stitches, st_more_cells, nicolae_vaults_big_ls,
          v_misc_5, layout_vaults_maze_snakey, uniq_sojobo, uniq_frederick
Vaults:3: minmay_crypt_entry_nasty_monster, vaults_mumra_hex,
          vaults_room_stairs_pillars, nicolae_vaults_little_squares_2,
          ontoclasm_vaults_eye, layout_vaults_quadrants, uniq_mara, uniq_nikola
Vaults:4: hangedman_vaults_stream, vaults_mumra_chevron_long,
          vaults_dpeg_diagonal, v_pattern_1, v_misc_2,
          vaults_room_stairs_pillars, nicolae_vaults_hallways_thing,
          nicolae_vaults_three_branches, grunt_vaults_bifocal, v_misc_13,
          layout_vaults_omnibox
Vaults:5: uniq_jory, uniq_boris
Depths:1: layout_roguey [special_room_mythical_zoo], enter_ziggurat_b,
          rand_demon_pan_entry_8, hell_entry, serial_bayou_pond_c,
          minmay_crystal_room, minmay_misc_feat_diagonals, minmay_holes,
          lemuel_flames_and_gold
Depths:2: minmay_the_grid_triangle_9x9_recursive_2_mashed
          [minmay_the_grid_triangle_9x9_prize_insulated,
          minmay_the_grid_triangle_9x9_wacky_v,
          minmay_the_grid_triangle_9x9_minimal,
          minmay_the_grid_triangle_9x9_dagger], layout_gridlike,
          serial_bayou_ford_a, hell_entry, infiniplex_staircase_zigzag_4
Depths:3: gammafunk_the_bubble [the_bubble_gammafunk_split], layout_gridlike,
          grunt_pan_entry_in_and_out, hell_entry, abyss_entry, hex_intersection,
          serial_bayou_shore_b, grunt_megastairs_3, infiniplex_staircase_spiral
Depths:4: regret_index_uskayaw_diablada_macabre, layout_basic,
          minmay_misc_feat_doors, pan_entry, hangedman_tar_grid_catacomb,
          abyss_entry_crystal, minmay_misc_feat_pillars
Depths:5: grunt_zot_entry_tricorne, layout_basic, rand_demon_pan_entry_5,
          hangedman_abyss_or_decor_slice, hell_entry

Skill      XL: |  1  2  3  4  5  6  7  8  9 10 11 12 13 14 15 16 17 18 19 20 21 22 23 |
---------------+----------------------------------------------------------------------+-----
Spellcasting   | 5 6 7 8 9 10 11 12 13 14 15 | 15.8
Invocations    | 1 2 3 4 5 6 7 8 9 10 11 12 13 14 15 16 | 16.3
Short Blades   | 1 2 3 4 5 6 7 8 9 10 11 12 13 14 15 | 15.2
Long Blades    | 1 2 3 4 5 6 7 8 9 10 11 12 13 14 15 | 15.2
Axes           | 1 2 3 4 5 6 7 8 9 10 11 12 13 14 15 | 15.2
Polearms       | 1 2 3 4 5 6 7 8 9 10 11 12 13 14 15 | 15.2
Staves         | 1 2 3 4 5 6 7 8 9 10 11 12 13 14 15 | 15.2
Slings         | 1 2 3 4 5 6 7 8 9 10 11 12 13 14 15 | 15.2
Bows           | 1 2 3 4 5 6 7 8 9 10 11 12 13 14 15 | 15.2
Crossbows      | 1 2 3 4 5 6 7 8 9 10 11 12 13 14 15 | 15.2
Throwing       | 1 2 3 4 5 6 7 8 9 10 11 12 13 14 15 | 15.2
Stealth        | 1 2 3 4 5 0 |  0.0
Shields        | 1 2 3 4 5 6 7 8 9 10 11 12 13 14 15 | 15.2
Unarmed Combat | 1 2 3 4 5 6 7 8 9 10 11 12 13 14 15 | 15.2
Evocations     | 1 2 3 4 5 6 7 8 9 10 11 12 13 14 15 | 15.2
Conjurations   | 1 2 3 4 5 6 7 8 9 10 11 12 13 | 13.1
Hexes          | 1 2 3 4 5 6 7 8 9 10 11 12 13 | 13.1
Summonings     | 1 2 3 4 5 6 7 8 0 |  0.0
Necromancy     | 1 2 3 4 5 6 7 8 9 10 11 12 13 | 13.1
Translocations | 1 2 3 4 5 6 7 8 9 10 11 12 13 | 13.1
Transmutations | 1 2 3 4 5 6 7 8 0 |  0.0
Fire Magic     | 1 2 3 4 5 6 7 8 9 10 11 12 13 | 13.1
Ice Magic      | 1 2 3 4 5 6 7 8 9 10 11 12 13 | 13.1
Air Magic      | 1 2 3 4 5 6 7 8 9 10 11 12 13 | 13.1
Earth Magic    | 1 2 3 4 5 6 7 8 9 10 11 12 13 | 13.1
Poison Magic   | 1 2 3 4 5 6 7 8 0 |  0.0
Armour         | 3 4 5 6 7 8 9 10 11 12 13 14 15 | 15.3
Fighting       | 5 6 7 8 9 10 11 12 13 14 15 | 15.7
Maces & Flails | 5 6 7 8 9 10 11 12 13 14 15 | 15.7
Dodging        | 5 6 7 8 9 10 11 12 13 14 15 | 15.7
Charms         | 6 7 8 9 10 11 12 13 14 | 14.0

Action                   |  1- 3 |  4- 6 |  7- 9 | 10-12 | 13-15 | 16-18 | 19-21 | 22-24 || total
-------------------------+-------+-------+-------+-------+-------+-------+-------+-------++-------
Melee: Mace              |    54 |    88 |       |       |       |       |       |       ||   142
       Bite              |     3 |    12 |    79 |   174 |   196 |   155 |   242 |   150 ||  1011
       Hand axe          |       |    32 |       |       |       |       |       |       ||    32
       Scythe            |       |    24 |       |       |       |       |       |       ||    24
       Whip              |       |       |   589 |  1308 |   472 |       |       |       ||  2369
       Punch             |       |       |     8 |     4 |       |       |       |       ||    12
       Demon whip        |       |       |       |       |   861 |  1052 |  1313 |   933 ||  4159
       Headbutt          |       |       |       |       |    20 |    89 |       |       ||   109
Throw: Boomerang         |       |       |       |       |    39 |    11 |    16 |     2 ||    68
 Cast: Infusion          |     2 |     8 |    25 |    77 |    95 |    58 |    58 |    28 ||   351
       Regeneration      |     2 |     7 |    14 |    51 |    37 |    71 |    28 |    11 ||   221
       Shroud of Golubri |       |     7 |    19 |    69 |    89 |    61 |    59 |    30 ||   334
       Spectral Weapon   |       |     3 |     6 |    44 |    74 |    44 |    35 |     5 ||   211
       Song of Slaying   |       |     1 |     4 |    19 |    18 |     4 |     6 |     9 ||    61
       Dazzling Spray    |       |       |       |    15 |    13 |    13 |    14 |     1 ||    56
       Confuse           |       |       |       |     5 |     6 |     1 |       |       ||    12
       Mephitic Cloud    |       |       |       |     1 |     3 |       |       |       ||     4
       Cause Fear        |       |       |       |     2 |     4 |       |       |     8 ||    14
       Leda's Liquefacti |       |       |       |     1 |     1 |       |       |       ||     2
       Silence           |       |       |       |       |       |    22 |     9 |     6 ||    37
       Borgnjor's Vile C |       |       |       |       |       |     3 |    13 |     6 ||    22
       Lee's Rapid Decon |       |       |       |       |       |       |     6 |       ||     6
Invok: Sacrifice Love    |       |       |     1 |       |       |       |       |       ||     1
       Sacrifice Purity  |       |       |       |     1 |     1 |       |       |       ||     2
       Draw Out Power    |       |       |       |     2 |     2 |     2 |       |     2 ||     8
       Sacrifice Stealth |       |       |       |     1 |       |       |       |       ||     1
       Reject Sacrifices |       |       |       |     1 |     1 |     1 |     2 |       ||     5
       Sacrifice Arcana  |       |       |       |       |     1 |       |       |       ||     1
       Sacrifice Drink   |       |       |       |       |       |     1 |       |       ||     1
       Power Leap        |       |       |       |       |       |       |     1 |       ||     1
Evoke: Wand              |       |       |     1 |     8 |    32 |    18 |     5 |       ||    64
       Lightning rod     |       |       |       |       |     7 |       |       |       ||     7
  Use: Potion            |       |       |     3 |     4 |     3 |     2 |     1 |       ||    13
       Scroll            |       |       |       |    18 |    15 |    17 |    13 |       ||    63
 Stab: Sleeping          |       |       |     6 |     7 |       |       |       |       ||    13
       Distracted        |       |       |     2 |     6 |     8 |    14 |     9 |     2 ||    41
       Invisible         |       |       |       |     6 |    11 |    10 |     5 |       ||    32
       Confused          |       |       |       |     6 |     3 |       |       |       ||     9
       Petrified         |       |       |       |       |       |     2 |       |       ||     2
       Paralysed         |       |       |       |       |       |       |     1 |       ||     1
  Eat: Chunk             |       |     7 |    14 |    18 |    13 |     6 |     9 |     5 ||    72
       Ration            |       |     1 |       |     6 |     8 |    10 |    10 |     4 ||    39
Armor: Leather armour    |     8 |    24 |   107 |   165 |    40 |    93 |       |       ||   437
       Troll leather arm |       |       |       |       |   126 |       |       |       ||   126
       Chain mail        |       |       |       |       |       |    82 |   462 |   307 ||   851
Dodge: Dodged            |    43 |   108 |   304 |   768 |   650 |   299 |   532 |   395 ||  3099
Block: Buckler           |       |       |       |   235 |   295 |   131 |   248 |       ||   909
       Shield            |       |       |       |       |       |       |    85 |   598 ||   683
